 Dungeon Crawl Stone Soup version 0.21-a0-401-g0b6bec4 (webtiles) character file.

14706 spgp the Bludgeoner (level 11, -26/97 HPs)
             Began as a Minotaur Fighter on Oct 22, 2017.
             Was the Champion of Okawaru.
             Killed by burning poison
             ... invoked by sveltemanboy's ghost
              (42 damage)
             ... on level 3 of the Lair of Beasts.
             The game lasted 00:15:58 (11090 turns).

spgp the Bludgeoner (Minotaur Fighter)             Turns: 11090, Time: 00:15:58

Health: -26/97     AC: 23    Str: 24    XL:     11   Next: 92%
Magic:  9/11       EV: 11    Int:  7    God:    Okawaru [******]
Gold:   491        SH: 30    Dex: 16    Spells: 10/10 levels left

rFire    . . .     SeeInvis +   t - +9 eveningstar of Perfectionism {crush, rC+ Dex+6}
rCold    + . .     Gourm    .   y - +9 large shield "Nagh" {rCorr Int+2}
rNeg     + . .     Faith    .   L - +0 plate armour
rPois    .         Spirit   .   H - +2 hat {SInv}
rElec    .         Reflect  .   r - +0 cloak
rCorr    +         Harm     .   f - +2 pair of gloves
MR       .....                  (no boots)
Stlth    ..........             s - amulet of regeneration
HPRegen  0.66/turn              h - ring of positive energy
MPRegen  0.12/turn              (no ring)

@: lethally poisoned (-26 -> -46), heroism
A: retaliatory headbutt, horns 2
a: Heroism, Finesse, Renounce Religion


You were on level 3 of the Lair of Beasts.
You worshipped Okawaru.
Okawaru was exalted by your worship.
You were not hungry.

You visited 2 branches of the dungeon, and saw 13 of its levels.

You collected 687 gold pieces.
You spent 196 gold pieces at shops.

Inventory:

Hand Weapons
 a - a +0 war axe
 l - a +5 mace of holy wrath
 t - the +9 eveningstar of Perfectionism (weapon) {crush, rC+ Dex+6}
   (You acquired it on level 9 of the Dungeon)

   It inflicts extra damage upon your enemies.
   It affects your dexterity (+6).
   It protects you from cold.
 x - a +8 eveningstar of flaming
 D - a +0 whip of freezing
Missiles
 k - 311 stones (quivered)
Armour
 b - a +0 scale mail
 c - a +0 shield
 f - a +2 pair of gloves (worn)
 r - a +0 cloak (worn)
 y - the +9 large shield "Nagh" (worn) {rCorr Int+2}
   (You acquired it on level 2 of the Lair of Beasts)

   It affects your intelligence (+2).
   It protects you from acid and corrosion.
 A - a +1 ring mail of cold resistance
 H - a +2 hat of see invisible (worn)
 L - a +0 plate armour (worn)
Jewellery
 h - a ring of positive energy (left hand)
 s - an amulet of regeneration (around neck)
 C - an uncursed ring of positive energy
 N - a cursed ring of teleportation
 O - an uncursed ring of ice
 Z - an uncursed amulet of rage {unknown}
Wands
 e - a wand of flame (46/48)
 G - a wand of random effects (33/48)
 P - a wand of random effects (19/48)
 R - a wand of flame (31/48)
 T - a wand of paralysis (15/24)
 Y - a wand of iceblast (6/15)
Scrolls
 g - 2 scrolls of teleportation
 m - 4 scrolls of recharging
 o - 4 scrolls of enchant weapon
 p - 4 scrolls of remove curse
 B - 3 scrolls of magic mapping
 F - 2 scrolls of amnesia
 X - 2 scrolls of fog
Potions
 d - 3 potions of might
 j - a potion of curing
 n - a potion of flight
 q - a potion of brilliance
 v - 2 potions of cancellation
 w - 2 potions of resistance
 E - a potion of heal wounds
 I - 3 potions of degeneration
 K - a potion of agility {unknown}
 M - a potion of haste
 S - 2 potions of berserk rage {unknown}
 U - a potion of ambrosia {unknown}
Books
 V - a book of Enchantments

   Spells                             Type                      Level
   a - Cause Fear                     Hexes                        4
   b - Yara's Violent Unravelling     Hexes/Transmutation          5
   c - Silence                        Hexes/Air                    5
   d - Deflect Missiles               Charms/Air                   6
   e - Discord                        Hexes                        8
 W - a book of Power

   Spells                             Type                      Level
   a - Iskenderun's Battlesphere      Conjuration/Charms           5
   b - Venom Bolt                     Conjuration/Poison           5
   c - Bolt of Magma                  Conjuration/Fire/Earth       5
   d - Iron Shot                      Conjuration/Earth            6
   e - Orb of Destruction             Conjuration                  7
   f - Spellforged Servitor           Conjuration/Summoning        7
Comestibles
 i - 15 royal jellies
 u - 3 bread rations
 z - 10 meat rations
 J - 2 chunks of flesh
 Q - 26 fruits


   Skills:
 + Level 9.3(14.3) Fighting
 - Level 2.9(16.0) Axes
 - Level 15.8(20.9) Maces & Flails
 + Level 8.0(13.0) Armour
 - Level 5.3(10.3) Dodging
 - Level 1.8(6.8) Stealth
 + Level 9.8(14.8) Shields
 - Level 2.1 Invocations


You had 10 spell levels left.
You didn't know any spells.

Dungeon Overview and Level Annotations

Branches:
Dungeon (10/15)            Temple (0/1) D:5            Lair (3/6) D:8
 Spider (0/4) Lair:3
  Swamp: Lair:2-4    Shoals: Lair:2-4       Orc: D:9-12

Altars:
Cheibriados
Dithmenos
Okawaru
Qazlal
Sif Muna
Trog
Yredelemnul
Zin

Shops:
D:5 =   D:6 [

Annotations:
Lair:2 exclusion: oklob plant
Lair:3 sveltemanboy's ghost, journeyman GnWn


Innate Abilities, Weirdness & Mutations

You reflexively headbutt those who attack you in melee.
You have a pair of horns on your head.


Message History

You block sveltemanboy's ghost's attack.
You miss sveltemanboy's ghost.
Sveltemanboy's ghost is severely damaged.
You feel sick. You block the iron imp's attack.
You impale sveltemanboy's ghost!!
Sveltemanboy's ghost is almost destroyed.
You feel sick.
Sveltemanboy's ghost points at you and mumbles some strange words.
The bolt of poison hits you!
You are more poisoned.
* * * LOW HITPOINT WARNING * * *
You miss sveltemanboy's ghost.
Your headbutt misses sveltemanboy's ghost.
Sveltemanboy's ghost is almost destroyed.
* * * LOW HITPOINT WARNING * * *
You feel sick. You block the iron imp's attack.
Sveltemanboy's ghost mumbles some strange words.
Sveltemanboy's ghost ignites the poison in its surroundings!
The poison in your system burns!
You die...

....... .... ....... ...
.......#..# ##
.........P###.#..
..................
.....>..........
#..W...........
###.5@...........###
.##................#.###
........................
........................
###.....................
##....................
.......................
.......................
...........#..#..#.##...


You could see an iron imp and sveltemanboy's ghost.

Vanquished Creatures
  Harold (D:10)
  Pikel (D:5)
  A manticore (D:9)
  A black mamba (Lair:1)
  Joseph (D:8)
  3 spiny frogs (Lair:1)
  A rime drake (Lair:1)
  3 komodo dragons
  A queen bee (Lair:1)
  A polar bear (Lair:2)
  3 blink frogs (Lair:2)
  4 hippogriffs
  Sigmund (D:3)
  3 yaks (D:10)
  A wyvern (D:8)
  2 hungry ghosts
  Grum (D:8)
  Menkaure (D:7)
  4 water moccasins
  4 porcupines
  A sky beast (D:7)
  A slave (D:5)
  5 orc warriors
  2 ice beasts
  4 black bears
  2 necrophages (D:8)
  4 phantoms
  4 centaurs
  5 ogres
  6 wolves
  2 big kobolds
  6 bullfrogs
  A scorpion (D:10)
  A wyvern skeleton (D:10)
  A water moccasin skeleton (D:10)
  34 killer bees
  A howler monkey (D:8)
  An electric eel (Lair:2)
  A crimson imp (D:8)
  3 centaur zombies
  A quasit (D:7)
  6 hounds
  A jelly (D:10)
  Crazy Yiuf (D:2)
  An iron imp (D:5)
  Jessica (D:3)
  An iguana (D:6)
  7 orc priests
  11 orc wizards
  5 worker ants
  A hound zombie (D:6)
  A hound skeleton (D:4)
  3 worker ant zombies
  14 adders
  3 shadow imps
  3 oozes
  2 adder skeletons
  4 worms
  5 dart slugs (D:1)
  4 leopard geckos
  46 orcs
  7 giant cockroaches
  9 goblins
  7 hobgoblins
  5 jackals
  13 kobolds
  4 quokkas
  A ball python (D:4)
  5 bats
  5 frilled lizards
  A jackal skeleton (D:8)
  A quokka zombie (D:7)
  12 rats
314 creatures vanquished.

Vanquished Creatures (others)
  A phantom (D:5)
  2 plants
3 creatures vanquished.

Grand Total: 317 creatures vanquished

Notes
Turn   | Place    | Note
-------+----------+-------------------------------------------
     0 | D:1      | spgp the Minotaur Fighter began the quest for the Orb.
     0 | D:1      | Reached XP level 1. HP: 19/19 MP: 0/0
   249 | D:1      | Reached XP level 2. HP: 27/27 MP: 1/1
   504 | D:1      | Reached XP level 3. HP: 29/33 MP: 2/2
  1005 | D:2      | Reached skill level 1 in Dodging
  1067 | D:2      | Found an iron altar of Okawaru.
  1123 | D:2      | Became a worshipper of Warmaster Okawaru
  1497 | D:2      | Found a runed door.
  1501 | D:2      | Noticed Crazy Yiuf
  1505 | D:2      | Killed Crazy Yiuf
  1505 | D:2      | Reached skill level 1 in Maces & Flails
  1505 | D:2      | Reached XP level 4. HP: 33/40 MP: 3/3
  1664 | D:3      | Reached skill level 2 in Maces & Flails
  1758 | D:3      | Noticed Jessica
  1766 | D:3      | Killed Jessica
  1766 | D:3      | Reached XP level 5. HP: 41/46 MP: 4/4
  1951 | D:3      | Noticed a centaur
  1960 | D:3      | Killed a centaur
  1960 | D:3      | Reached * piety under Okawaru
  1960 | D:3      | Reached skill level 3 in Maces & Flails
  1960 | D:3      | Reached skill level 1 in Stealth
  1960 | D:3      | Reached skill level 5 in Shields
  2139 | D:3      | Noticed Sigmund
  2156 | D:3      | Killed Sigmund
  2156 | D:3      | Reached skill level 4 in Maces & Flails
  2156 | D:3      | Reached XP level 6. HP: 19/53 MP: 2/5
  2554 | D:4      | Reached skill level 5 in Maces & Flails
  2689 | D:4      | Reached XP level 7. HP: 53/60 MP: 6/6
  3023 | D:4      | Found a stormy altar of Qazlal.
  3073 | D:4      | Reached ** piety under Okawaru
  3503 | D:4      | Found a glowing silver altar of Zin.
  3503 | D:4      | Noticed an angel
  3679 | D:5      | Entered Level 5 of the Dungeon
  3680 | D:5      | Found a staircase to the Ecumenical Temple.
  3686 | D:5      | Reached skill level 6 in Maces & Flails
  3846 | D:5      | Reached skill level 5 in Armour
  3859 | D:5      | Found a basalt altar of Yredelemnul.
  4048 | D:5      | Found Buiplum's Jewellery Boutique.
  4063 | D:5      | Reached skill level 7 in Maces & Flails
  4095 | D:5      | Found a shadowy altar of Dithmenos.
  4138 | D:5      | Found a snail-covered altar of Cheibriados.
  4245 | D:5      | Found a deep blue altar of Sif Muna.
  4416 | D:5      | Noticed Pikel
  4433 | D:5      | Killed Pikel
  4433 | D:5      | Reached *** piety under Okawaru
  4433 | D:5      | Reached skill level 5 in Fighting
  4433 | D:5      | Reached skill level 8 in Maces & Flails
  4433 | D:5      | Reached XP level 8. HP: 65/68 MP: 7/7
  4450 | D:5      | Reached skill level 9 in Maces & Flails
  4928 | D:6      | Reached XP level 9. HP: 75/75 MP: 8/8
  4957 | D:6      | Reached skill level 10 in Maces & Flails
  5089 | D:6      | Found a basalt altar of Yredelemnul.
  5343 | D:6      | Found Poawyxua's Antique Armour Shop.
  5350 | D:6      | Bought an embroidered hat for 196 gold pieces
  5393 | D:6      | Found a bloodstained altar of Trog.
  6032 | D:7      | Noticed Menkaure
  6037 | D:7      | Killed Menkaure
  6037 | D:7      | Reached **** piety under Okawaru
  6230 | D:7      | Reached skill level 11 in Maces & Flails
  6530 | D:8      | Noticed Joseph
  6544 | D:8      | Killed Joseph
  6564 | D:8      | Reached skill level 12 in Maces & Flails
  6585 | D:8      | Reached skill level 1 in Invocations
  6995 | D:8      | Reached XP level 10. HP: 83/84 MP: 9/9
  7253 | D:8      | Noticed Grum
  7266 | D:8      | Killed Grum
  7363 | D:8      | Found a staircase to the Lair.
  7553 | D:9      | Reached skill level 13 in Maces & Flails
  7623 | D:9      | Reached ***** piety under Okawaru
  8130 | D:9      | Noticed a manticore
  8143 | D:9      | Killed a manticore
  8361 | D:9      | Identified 2 scrolls of acquirement
  8362 | D:9      | Got a fine eveningstar
  8363 | D:9      | Identified the +9 eveningstar of Perfectionism {crush, rC+ Dex+6} (You acquired it on level 9 of the Dungeon)
  8419 | D:10     | Entered Level 10 of the Dungeon
  8426 | D:10     | Noticed Harold
  8434 | D:10     | Received a gift from Okawaru
  8442 | D:10     | Killed Harold
  8442 | D:10     | Reached skill level 14 in Maces & Flails
  8450 | D:10     | Reached XP level 11. HP: 55/94 MP: 9/11
  8590 | D:10     | Reached skill level 5 in Dodging
  9269 | Lair:1   | Entered Level 1 of the Lair of Beasts
  9612 | Lair:1   | Reached ****** piety under Okawaru
  9691 | Lair:1   | Reached skill level 15 in Maces & Flails
  9878 | Lair:1   | Received a gift from Okawaru
 10432 | Lair:2   | Noticed an oklob plant
 10768 | Lair:2   | Got a dazzling large shield
 10829 | Lair:2   | Identified the +9 large shield "Nagh" {rCorr Int+2} (You acquired it on level 2 of the Lair of Beasts)
 10843 | Lair:3   | Found a hole to the Spider Nest.
 10860 | Lair:3   | Noticed a catoblepas
 10861 | Lair:3   | Noticed a four-headed hydra
 11078 | Lair:3   | Noticed sveltemanboy's ghost (journeyman GnWn)
 11090 | Lair:3   | Killed from afar by sveltemanboy's ghost

Vault maps used:
D:1:      minmay_arrival_checkered_box, lexackson_kobold_supper
D:2:      okawaru_gym_becter, kennysheep_nub, uniq_crazy_yiuf_cottage
D:3:      uniq_sigmund, uniq_jessica
D:4:      nicolae_qazlal_eye_of_the_storm, zin_angel, first_bread,
          roderic_lattice_a
D:5:      slow_altar_2, overflow_temple_1_default, led_sif_book,
          minmay_temple_entry_crystal_x, serial_shops, shop,
          yredelemnul_altar_generic, uniq_pikel
D:6:      nicolae_overflow_crystal_walls, serial_shops, nicolae_shop_waterfront,
          trog_book
D:7:      nrook_pool_corridor, uniq_menkaure
D:8:      david_lair_shrubbed, uniq_grum, uniq_joseph
D:9:      blue_anna_alchemist
D:10:     uniq_harold
Lair:1:   special_room, st_stairs_4, grunt_megastairs_5
Lair:2:   gammafunk_lair_bear_cave, infiniplex_staircase_pool,
          minmay_lair_oklob_chamber
Lair:3:   dummy_spider_entry

Skill      XL: |  1  2  3  4  5  6  7  8  9 10 11 |
---------------+----------------------------------+-----
Shields        | 4 5 6 7 8 9 |  9.8
Fighting       | 4 5 6 7 9 |  9.3
Dodging        | 1 2 3 4 5 |  5.3
Armour         | 4 5 6 8 |  8.0
Maces & Flails | 1 2 4 5 8 9 12 14 15 | 15.8
Stealth        | 1 |  1.8
Invocations    | 1 2 |  2.1
Axes           | |  2.9

Action                   |  1- 3 |  4- 6 |  7- 9 | 10-12 || total
-------------------------+-------+-------+-------+-------++-------
Melee: War axe           |    80 |       |       |       ||    80
       Headbutt          |    17 |    11 |    56 |    66 ||   150
       Mace              |    31 |    90 |   266 |   146 ||   533
       Eveningstar       |       |       |       |   198 ||   198
Invok: Heroism           |       |     1 |     6 |    10 ||    17
  Use: Potion            |       |     3 |       |       ||     3
       Scroll            |       |       |     6 |    18 ||    24
 Stab: Petrifying        |       |       |       |     1 ||     1
  Eat: Chunk             |     1 |     1 |     9 |     7 ||    18
       Bread ration      |       |     1 |     1 |     1 ||     3
       Fruit             |       |       |     1 |       ||     1
       Royal jelly       |       |       |       |     1 ||     1
Armor: Scale mail        |    59 |    30 |    14 |       ||   103
       Ring mail         |       |       |    59 |    42 ||   101
       Plate armour      |       |       |       |    69 ||    69
Dodge: Dodged            |    43 |    32 |    91 |   125 ||   291
Block: Shield            |    57 |    50 |   138 |   149 ||   394
       Large shield      |       |       |       |    22 ||    22

Table legend:
 A = Spawn XP
 B = Non-spawn XP
 C = Spawn XP percentage of total XP
 D = Spawn monster count
 E = Non-spawn monster count
 F = Spawn count percentage of total count
 G = Total turns spent on level
                    A         B        C        D         E        F      G
               +---------+---------+-------+---------+---------+-------+---------
         Total |       0 |   21009 |   0.0 |       0 |     314 |   0.0 | 11090
               +---------+---------+-------+---------+---------+-------+---------
           D:1 |       0 |      60 |   0.0 |       0 |      33 |   0.0 |   851
           D:2 |       0 |      71 |   0.0 |       0 |      16 |   0.0 |   794
           D:3 |       0 |     489 |   0.0 |       0 |      31 |   0.0 |   869
           D:4 |       0 |     248 |   0.0 |       0 |      22 |   0.0 |  1165
           D:5 |       0 |    1436 |   0.0 |       0 |      17 |   0.0 |  1140
           D:6 |       0 |    1228 |   0.0 |       0 |      35 |   0.0 |   908
           D:7 |       0 |     542 |   0.0 |       0 |      10 |   0.0 |   747
           D:8 |       0 |    2424 |   0.0 |       0 |      25 |   0.0 |   944
           D:9 |       0 |    2725 |   0.0 |       0 |      41 |   0.0 |  1051
          D:10 |       0 |    3232 |   0.0 |       0 |      29 |   0.0 |   800
        Lair:1 |       0 |    5639 |   0.0 |       0 |      41 |   0.0 |   807
        Lair:2 |       0 |    1975 |   0.0 |       0 |       9 |   0.0 |   764
        Lair:3 |       0 |     940 |   0.0 |       0 |       5 |   0.0 |   250
               +---------+---------+-------+---------+---------+-------+---------
